 Dungeon Crawl Stone Soup version 0.29-a0-512-gf59ac788ac (webtiles) character file.

Game seed: 17361504827867540300

101 NateTC the Insei (level 4, 0/28 HPs)
             Began as an Octopode Transmuter on May 30, 2022.
             Slain by an adder (3 damage)
             ... on level 3 of the Dungeon.
             The game lasted 00:11:43 (3193 turns).

NateTC the Insei (Octopode Transmuter)              Turns: 3193, Time: 00:11:43

Health: 0/28       AC:  1    Str:  9    XL:     4   Next: 75%
Magic:  7/7        EV: 13    Int: 15    God:
Gold:   34         SH:  5    Dex: 14    Spells: 1/7 levels left

rFire   . . .      SeeInvis .     - Unarmed
rCold   . . .      Faith    .   (no shield)
rNeg    . . .      Spirit   .   (helmet restricted)
rPois   .          Reflect  +   f - amulet of reflection
rElec   .          Harm     .   (no ring)
rCorr   .          Rampage  .   (no ring)
Will    .....                   (no ring)
Stlth   ++........              (no ring)
HPRegen 0.09/turn               (no ring)
MPRegen 0.10/turn               (no ring)
                                (no ring)
                                (no ring)

@: no status effects
A: almost no armour, amphibious, 8 rings, camouflage 1, gelatinous body 1,
(nimble swimmer 1), tentacles
a: no special abilities


You were on level 3 of the Dungeon.
You visited 1 branch of the dungeon, and saw 3 of its levels.

You collected 34 gold pieces.

Inventory:

Jewellery
 f - an amulet of reflection (around mantle)
Scrolls
 b - a scroll of magic mapping {unknown}
 d - 2 scrolls of noise
 h - 2 scrolls of fog {unknown}
 i - 2 scrolls of identify
 j - a scroll of enchant weapon {unknown}
 k - a scroll of vulnerability {unknown}
Potions
 a - a potion of lignification
 c - 2 potions of heal wounds {unknown}
 e - a potion of might
 g - a potion of attraction


   Skills:
 - Level 1.0 Fighting
 - Level 2.0 Dodging
 * Level 4.3 Unarmed Combat
 * Level 2.3 Spellcasting
 - Level 3.3 Transmutations


You had one spell level left.
You knew the following spells:

 Your Spells              Type           Power      Damage    Failure   Level
a - Beastly Appendage     Tmut           22%        N/A       5%          1
b - Wereblood             Tmut           11%        N/A       9%          2
c - Spider Form           Tmut/Pois      6%         N/A       32%         3

Your spell library contained the following spells:

 Spells                   Type           Power      Damage    Failure   Level
 Foxfire                  Conj/Fire      4%         2x1d4     22%         1
 Scorch                   Fire           2%         2d5       32%         2
 Conjure Flame            Conj/Fire      1%         6-21      54%         3
 Inner Flame              Hex/Fire       1%         N/A       54%         3
 Ice Form                 Ice/Tmut       6%         N/A       71%         4
 Flame Wave               Conj/Fire      1%         2d4       91%         4
 Summon Cactus Giant      Summ           0%         N/A       100%        6


Dungeon Overview and Level Annotations

Branches:
Dungeon (3/15)

Altars:

Annotations:
D:3 1 runed translucent door, quokkamancerX's ghost, amateur HuHu


Innate Abilities, Weirdness & Mutations

You cannot wear most types of armour.
You are amphibious.
You can wear up to eight rings at the same time.
Your skin changes colour to match your surroundings (Stealth+).
Your rubbery body absorbs attacks. (AC +1, EV +1)
((You are camouflaged when in or above water. (Stealth+)))
You have tentacles for arms and can constrict up to eight enemies at once.


Message History

The orc shouts!
The orc priest shouts!
The orc wizard mumbles some strange words.
The orc wizard flickers and vanishes!
Deactivating autopickup; reactivate with Ctrl-A.
The orc priest invokes the aid of Beogh against you.
Beogh smites you!
Ouch! That really hurt!
A goblin comes into view. It is wielding a +0 club.
The adder closely misses you. The adder misses you.
The adder attacks as you move away! The adder bites you.
You block the adder's attack. The adder attacks as you move away!
The adder misses you.
There is an open door here.
The adder attacks as you move away! The adder closely misses you.
There's a creature in the doorway!
The adder bites you.
You are too injured to fight recklessly!
The adder bites you. The adder attacks as you move away! The adder bites you.
* * * LOW HITPOINT WARNING * * *
The adder attacks as you move away! The adder closely misses you.
The adder bites you.
* * * LOW HITPOINT WARNING * * *
The adder attacks as you move away! The adder bites you but does no damage.
You block the adder's attack.
Okay, then.
The adder closely misses you. The adder attacks as you move away!
The adder closely misses you. The adder attacks as you move away!
The adder misses you. The adder barely misses you.
The adder attacks as you move away! You block the adder's attack.
There is an open door here.
The adder attacks as you move away! You block the adder's attack.
The adder bites you.
* * * LOW HITPOINT WARNING * * *
You see here a +0 ring mail.
The adder attacks as you move away! The adder bites you.
You die...

#..#
#.##.....###
##.##
#.##........
#.o#
#.##........
##.##
#.##........
#..#
#.######....
#######'### #.#
#.......
#.........# #.#
########
#.......S.# #.#
#.......@.# #.#
#.........# #.#
#######..## #.#
##[#####.#
#..#....#
##.#....#
#......#
########
##.....#
#.......
#.....###[######


You could see an adder and an orc.

Vanquished Creatures
  An orc priest (D:3)
  4 adders (D:2)
  A dart slug (D:3)
  2 orcs (D:3)
  5 ball pythons
  3 endoplasms
  5 goblins
  4 hobgoblins
  A bat (D:1)
  3 frilled lizards
  2 kobolds
  4 rats (D:2)
35 creatures vanquished.

Notes
Turn   | Place    | Note
-------+----------+-------------------------------------------
     0 | D:1      | NateTC the Octopode Transmuter began the quest for the Orb.
     0 | D:1      | Reached XP level 1. HP: 13/13 MP: 3/3
   893 | D:1      | Reached XP level 2. HP: 16/18 MP: 3/5
  1798 | D:2      | Reached XP level 3. HP: 15/23 MP: 4/6
  2784 | D:2      | Reached XP level 4. HP: 27/28 MP: 5/7
  2890 | D:3      | Reached skill level 4 in Unarmed Combat
  3039 | D:2      | Learned a level 2 spell: Wereblood
  3043 | D:2      | Learned a level 3 spell: Spider Form
  3053 | D:3      | Found a runed translucent door.
  3053 | D:3      | Noticed a bullfrog
  3054 | D:3      | Noticed quokkamancerX's ghost (amateur HuHu)
  3193 | D:3      | Slain by an adder

Illustrated notes

Levels and vault maps discovered:
D:1:      beargit_arrival_diablo_church, layout_loops_corners,
          minmay_misc_feat_alley
D:2:      layout_loops_corners
D:3:      layout_basic, ebering_ghost_sewer_d

Skill      XL: |  1  2  3  4 |
---------------+-------------+-----
Transmutations | 3 |  3.3
Unarmed Combat | 4 |  4.3
Fighting       | |  1.0
Dodging        | |  2.0
Spellcasting   | |  2.3

Action                   |  1- 3 |  4- 6 || total
-------------------------+-------+-------++-------
Melee: Unarmed           |    57 |    12 ||    69
       Kick              |    20 |     5 ||    25
       Constrict         |    16 |     4 ||    20
       Tentacles         |    14 |     3 ||    17
       Punch             |       |     1 ||     1
 Cast: Beastly Appendage |    23 |     2 ||    25
  Use: Scroll            |     5 |       ||     5
       Potion            |     1 |       ||     1
 Stab: Sleeping          |     6 |       ||     6
Armor: Skin              |     2 |     1 ||     3
Dodge: Dodged            |    33 |    12 ||    45
Block: Other             |     9 |     7 ||    16
       Reflection        |       |     1 ||     1

Table legend: (Time is in decaauts)
 A = Elapsed time spent in this place.
 B = Non-inter-level travel time spent in this place.
 C = Inter-level travel time spent in this place.
 D = Time resting spent in this place.
 E = Time spent auto-exploring this place.
 F = Levels seen in this place.
 G = Mean time per level.
                   A        B        C        D        E       F      G
               +--------+--------+--------+--------+--------+-----+--------+
         Total |   3189 |   3170 |     19 |   1263 |    476 |   3 | 1063.0 |
       Dungeon |   3189 |   3170 |     19 |   1263 |    476 |   3 | 1063.0 |
               +--------+--------+--------+--------+--------+-----+--------+

Top non-repeatable levels by time:
     D:1: 1640 daAuts
     D:2: 1248 daAuts
     D:3: 300 daAuts
